 Dungeon Sprint DCSS version 0.19.1-1-g22dce08 (webtiles) character file.

11018 Kook the Warrior (level 11, -8/196 HPs)
             Began as a Minotaur Fighter on Jan 18, 2017.
             Was the Champion of Qazlal.
             Mangled by an apis (18 damage)
             ... in the Dungeon (Sprint V: "Ziggurat Sprint").
             The game lasted 00:19:12 (1076 turns).

Kook the Warrior (Minotaur Fighter)                 Turns: 1076, Time: 00:19:13

Health: -8/196     AC: 33    Str: 32    XL:     11   Next: 43%
Magic:  17/17      EV:  8    Int:  5    God:    Qazlal [******]
Gold:   0          SH: 23    Dex: 19    Spells: 0 memorised, 10 levels left

rFire  . . .     SeeInvis .     a - +0 long sword
rCold  . . .     Gourm    .     v - +15 Maxwell's patent armour {-Cast -Tele rElec MR+ rCorr}
rNeg   . . .     Faith    .     c - +0 shield
rPois  .         Spirit   .     (helmet restricted)
rElec  +         Reflect  .     (no cloak)
rCorr  +         Harm     .     (no gloves)
MR     +....     NoTele   +     (no boots)
Stlth  .......... NoCast   +    P - amulet of Vitality {Regen+ HP+15}
                                t - +6 ring of strength
                                p - +6 ring of dexterity

@: berserking (expiring), protected from physical damage, repel missiles, very
quick
A: retaliatory headbutt, horns 2
a: Upheaval, Elemental Force, Disaster Area, Renounce Religion


You were in the Dungeon.
You worshipped Qazlal.
Qazlal was exalted by your worship.
You were not hungry.

You visited 1 branch

Inventory:

Hand Weapons
 a - a +0 long sword (weapon)
 x - the +7 Singing Sword
   (You found it in the Dungeon)
 y - the +14 plutonium sword {*Contam Stlth-}
   (You found it in the Dungeon)

   It causes magical contamination when unequipped.
   It makes you less stealthy.
 z - the +0 sword of Power
   (You found it in the Dungeon)
 A - the +9 sword of Zonguldrok {reap}
   (You found it in the Dungeon)

   If a monster killed with it leaves a corpse in good enough shape, the corpse
   will be animated as a zombie friendly to the killer.
Armour
 c - a +0 shield (worn)
 v - the +15 Maxwell's patent armour (worn) {-Cast -Tele rElec MR+ rCorr}
   (You found it in the Dungeon)

   It insulates you from electricity.
   It affects your resistance to hostile enchantments.
   It prevents spellcasting.
   It prevents most forms of teleportation.
   It protects you from acid and corrosion.
 w - the +18 shield of the Gong {rElec rN+ MR+ EV-5}
   (You found it in the Dungeon)

   It affects your evasion (-5).
   It insulates you from electricity.
   It protects you from negative energy.
   It affects your resistance to hostile enchantments.
Jewellery
 p - a +6 ring of dexterity (left hand)
 s - a +6 ring of intelligence
 t - a +6 ring of strength (right hand)
 u - the ring "Zulait" {rF+ rN+ Str+3 Stlth+}
   (You found it in the Dungeon)

   [ring of positive energy]

   It affects your strength (+3).
   It protects you from fire.
   It protects you from negative energy.
   It makes you more stealthy.
 P - the amulet of Vitality (around neck) {Regen+ HP+15}
   (You found it in the Dungeon)

   [amulet of regeneration]

   It affects your health (+15).
   It increases your rate of regeneration.
 R - an uncursed ring of protection from cold
Wands
 l - a wand of disintegration (7/24)
 m - a wand of iceblast (2/15)
 n - a wand of lightning (5/15)
 o - a wand of acid (1/15)
Scrolls
 k - 4 scrolls of blinking
 r - a scroll of brand weapon
 D - 4 scrolls of amnesia
 E - 2 scrolls of recharging
 F - 7 scrolls of fog
 G - a scroll of holy word
 H - 5 scrolls of identify
 I - 5 scrolls of remove curse
 J - 2 scrolls of fear
Potions
 d - 6 potions of might
 e - 7 potions of curing
 g - 10 potions of heal wounds
 h - 6 potions of haste
 i - 7 potions of magic
 j - a potion of berserk rage
 K - 2 potions of brilliance
 L - 2 potions of invisibility
 M - 4 potions of resistance
 N - a potion of experience
 O - 5 potions of agility
Miscellaneous
 b - a phantom mirror
 q - a lamp of fire
 S - a lamp of fire
Comestibles
 f - 5 bread rations
 B - 40 fruits
 C - 4 meat rations
 Q - 3 royal jellies


   Skills:
 * Level 16.8 Fighting
 * Level 16.6 Long Blades
 + Level 12.4 Armour
 + Level 12.5 Shields
 + Level 10.2 Invocations
 + Level 9.4 Evocations


You had 10 spell levels left.
You didn't know any spells.

Dungeon Overview and Level Annotations

Branches:
Dungeon (1/1)

Altars:
Ashenzari
Cheibriados
Dithmenos
Elyvilon
Fedhas
Gozag
Hepliaklqana
Kikubaaqudgha
Makhleb
Nemelex Xobeh
Okawaru
Qazlal
Ru
Sif Muna
Trog
Uskayaw
Vehumet
Xom
Yredelemnul
Zin
The Shining One
Beogh
Jiyva
Lugonu


Innate Abilities, Weirdness & Mutations

You reflexively headbutt those who attack you in melee.
You have a pair of horns on your head.


Message History

Your headbutt misses the spriggan berserker.
The spriggan berserker is almost dead.
You block the spriggan berserker's attack.
The yak snorts and paws the ground.
You barely miss the spriggan berserker. You headbutt the spriggan berserker!
The spriggan berserker is almost dead.
The spriggan air mage waves its arms in wide circles.
The air twists around and strikes you!
* * * LOW HITPOINT WARNING * * *
You block the apis's attack.
You slash the spriggan berserker!
You kill the spriggan berserker!
Qazlal accepts your kill.
The polar bear is no longer berserk.
The polar bear disappears in a puff of smoke!
Your Maxwell's patent armour prevents you from hitting the apis.
Your headbutt misses the apis.
The apis is moderately wounded.
The apis gores you!!
You die...

▓..}))}...▓
▓...|[=?..▓...[.....▓
▓.........▓.....))..▓
▓.........▓.........▓
▓.........▓.........▓
▓.........▓.........▓
▓......§).▓.........▓
▓.▓..†..▓i▓.........▓
▓......YY@▓▓▓▓▓▓▓▓▓▓▓
▓▓▓▓▓▓▓▓▓▓▓


You could see an apis, a spriggan air mage and a yak.

Vanquished Creatures
  2 dire elephants (D)
  A green death (D)
  An anaconda (D)
  3 spriggan berserkers (D)
  A wretched star (D)
  A wolf spider (D)
  2 black mambas (D)
  2 rust devils (D)
  An ice devil (D)
  2 jumping spiders (D)
  A polar bear (D)
  A troll (D)
  A hellwing (D)
  2 two-headed ogres (D)
  A hornet (D)
  A slime creature (D)
  A ynoxinul (D)
  A shadow (D)
  A tarantella (D)
  2 golden eyes (D)
  2 nagas (D)
  2 water moccasins (D)
  A hell hound (D)
  An eye of draining (D)
  An ogre (D)
  2 scorpions (D)
  3 crimson imps (D)
  2 quasits (D)
  5 jellies (D)
  2 iron imps (D)
  2 adders (D)
  A shadow imp (D)
  3 white imps (D)
  2 ufetubi (D)
  2 oozes (D)
  2 adder zombies (D)
61 creatures vanquished.

Notes
Turn   | Place    | Note
-------+----------+-------------------------------------------
     0 | D        | Kook the Minotaur Fighter began the quest for the Orb.
     0 | D        | Reached XP level 1. HP: 19/19 MP: 0/0
     0 | D        | Found a deep blue altar of Sif Muna.
     0 | D        | Found a bloodstained altar of Trog.
     0 | D        | Found a sacrificial altar of Ru.
     0 | D        | Found a stormy altar of Qazlal.
     0 | D        | Found an iron altar of Okawaru.
    10 | D        | Found a sparkling altar of Nemelex Xobeh.
    12 | D        | Found a corrupted altar of Lugonu.
    12 | D        | Found an ancient bone altar of Kikubaaqudgha.
    12 | D        | Found a burning altar of Makhleb.
    12 | D        | Found a viscous altar of Jiyva.
    12 | D        | Found a hazy altar of Hepliaklqana.
    24 | D        | Found an opulent altar of Gozag.
    25 | D        | Found a blossoming altar of Fedhas.
   133 | D        | Became a worshipper of Qazlal Stormbringer
   245 | D        | Entered arena 1.
   245 | D        | Noticed a crimson imp
   246 | D        | Killed a crimson imp
   246 | D        | Reached skill level 5 in Fighting
   246 | D        | Reached skill level 1 in Invocations
   246 | D        | Reached skill level 1 in Evocations
   246 | D        | Reached XP level 2. HP: 29/29 MP: 0/2
   246 | D        | Reached XP level 3. HP: 36/36 MP: 0/3
   292 | D        | Entered arena 2.
   292 | D        | Noticed a polar bear
   295 | D        | Reached * piety under Qazlal
   295 | D        | Killed a polar bear
   295 | D        | Reached XP level 4. HP: 49/49 MP: 3/6
   295 | D        | Reached XP level 5. HP: 55/55 MP: 3/7
   301 | D        | Reached ** piety under Qazlal
   335 | D        | Entered arena 3.
   335 | D        | Noticed a golden eye
   335 | D        | Noticed a golden eye
   344 | D        | Killed a golden eye
   344 | D        | Reached XP level 6. HP: 64/64 MP: 8/8
   352 | D        | Killed a golden eye
   352 | D        | Reached *** piety under Qazlal
   352 | D        | Reached skill level 10 in Fighting
   352 | D        | Reached skill level 5 in Invocations
   352 | D        | Reached XP level 7. HP: 72/72 MP: 9/9
   439 | D        | Entered arena 4.
   439 | D        | Noticed a two-headed ogre
   439 | D        | Noticed a two-headed ogre
   439 | D        | Noticed a troll
   448 | D        | Killed a two-headed ogre
   448 | D        | Reached skill level 10 in Long Blades
   448 | D        | Reached skill level 5 in Evocations
   448 | D        | Killed a troll
   448 | D        | Reached XP level 8. HP: 82/82 MP: 9/11
   450 | D        | Killed a two-headed ogre
   451 | D        | Reached **** piety under Qazlal
   470 | D        | Entered arena 5.
   483 | D        | Reached ***** piety under Qazlal
   495 | D        | Entered arena 6.
   495 | D        | Noticed a jumping spider
   495 | D        | Noticed a wolf spider
   495 | D        | Noticed a jumping spider
   497 | D        | Killed a jumping spider
   506 | D        | Killed a jumping spider
   506 | D        | Killed a wolf spider
   506 | D        | Reached XP level 9. HP: 73/92 MP: 13/13
   568 | D        | Entered arena 7.
   568 | D        | Noticed an ice devil
   568 | D        | Noticed a hellwing
   568 | D        | Noticed a rust devil
   568 | D        | Noticed a rust devil
   586 | D        | Killed a rust devil
   586 | D        | Reached skill level 10 in Armour
   586 | D        | Reached skill level 10 in Shields
   606 | D        | Killed an ice devil
   608 | D        | Killed a hellwing
   608 | D        | Reached ****** piety under Qazlal
   616 | D        | Killed a rust devil
   792 | D        | Entered arena 8.
   807 | D        | Reached XP level 10. HP: 103/103 MP: 10/15
   822 | D        | Entered arena 9.
   822 | D        | Noticed a black mamba
   822 | D        | Noticed a black mamba
   836 | D        | Killed a black mamba
   848 | D        | Killed a black mamba
   875 | D        | Got the ring "Zulait" {rF+ rN+ Str+3 Stlth+}
   933 | D        | Entered arena 10.
   933 | D        | Noticed a wretched star
   933 | D        | Noticed a green death
   943 | D        | Killed a wretched star
   943 | D        | Reached skill level 15 in Fighting
   947 | D        | Killed a green death
   947 | D        | Reached skill level 15 in Long Blades
  1029 | D        | Entered arena 11.
  1029 | D        | Noticed a spriggan berserker
  1029 | D        | Noticed a dire elephant
  1029 | D        | Noticed an anaconda
  1030 | D        | Noticed a spriggan berserker
  1030 | D        | Noticed an apis
  1030 | D        | Noticed a dire elephant
  1031 | D        | Noticed a spriggan air mage
  1032 | D        | Noticed a death yak
  1032 | D        | Noticed a spriggan berserker
  1035 | D        | Noticed a death yak
  1038 | D        | Killed an anaconda
  1042 | D        | Killed a spriggan berserker
  1042 | D        | Reached XP level 11. HP: 94/114 MP: 15/17
  1052 | D        | Killed a dire elephant
  1060 | D        | Killed a dire elephant
  1060 | D        | Reached skill level 10 in Invocations
  1063 | D        | Killed a spriggan berserker
  1074 | D        | HP: 9/196 [spriggan air mage/the air (22)]
  1075 | D        | Killed a spriggan berserker
  1076 | D        | Mangled by an apis

Skill      XL: |  1  2  3  4  5  6  7  8  9 10 11 |
---------------+----------------------------------+-----
Fighting       | 5 8 9 10 11 12 14 16 | 16.8
Long Blades    | 4 7 8 9 10 12 13 15 16 | 16.6
Armour         | 4 6 7 8 9 10 11 12 | 12.4
Shields        | 4 6 7 8 9 10 11 12 | 12.5
Invocations    | 1 4 5 6 7 8 9 10 | 10.2
Evocations     | 1 3 4 5 6 7 8 9 |  9.4

Action                   |  1- 3 |  4- 6 |  7- 9 | 10-12 || total
-------------------------+-------+-------+-------+-------++-------
Melee: Long sword        |     5 |    13 |    96 |    88 ||   202
       Headbutt          |       |     7 |    30 |    24 ||    61
Invok: Disaster Area     |       |       |       |     1 ||     1
Evoke: Wand              |     3 |     1 |     4 |     2 ||    10
       Lamp of fire      |       |       |     1 |       ||     1
  Use: Potion            |       |     2 |       |     3 ||     5
       Scroll            |       |       |       |     1 ||     1
  Eat: Fruit             |       |       |       |     2 ||     2
Armor: Scale mail        |       |    12 |       |       ||    12
       Plate armour      |       |       |    71 |    54 ||   125
Dodge: Dodged            |     1 |    11 |    33 |    20 ||    65
       Deflected         |       |       |       |     1 ||     1
Block: Shield            |     2 |     2 |   124 |   113 ||   241
       Rpst.: Long sword |       |       |     5 |     2 ||     7
